 Dungeon Crawl Stone Soup version 0.27-a0-1122-g2a214b436d (webtiles) character file.

Game seed: 7059233054804444149

3321 Gaff the Thaumaturge (level 10, -4/75 HPs)
             Began as a Djinni Air Elementalist on May 3, 2021.
             Was an Initiate of Qazlal.
             Hit by a large rock thrown by a cyclops (50 damage)
             ... on level 7 of the Dungeon.
             The game lasted 00:20:38 (10440 turns).

Gaff the Thaumaturge (Djinni Air Elementalist)     Turns: 10440, Time: 00:20:39

Health: -4/75      AC:  3    Str:  7    XL:     10   Next: 2%
Gold:   291        EV: 12    Int: 21    God:    Qazlal [......] SH:  0 Dex: 13

rFire    + + .     SeeInvis .   j - +0 rapier
rCold    . . .     Faith    .   (no shield)
rNeg     . . .     Spirit   .   a - +0 robe
rPois    ∞         Reflect  .   (no helmet)
rElec    .         Harm     .   v - scarf {shadows}
rCorr    .         Rampage  .   o - +0 pair of gloves
Will     +....                  (boots unavailable)
Stlth    ++........             (no amulet)
HPRegen  0.22/turn              w - +4 ring of slaying
MPRegen  0.00/turn              x - ring of protection from cold

@: flying
A: fire resistance 2, cold vulnerability 1, float, innate caster, hp casting,
extra vitality 1
a: Renounce Religion


You were on level 7 of the Dungeon.
You worshipped Qazlal.
Qazlal was noncommittal.
You visited 2 branches of the dungeon, and saw 8 of its levels.

You collected 291 gold pieces.

Inventory:

Hand Weapons
 j - a +0 rapier (weapon)
Missiles
 d - a throwing net
Armour
 a - a +0 robe (worn)
 o - a +0 pair of gloves (worn)
 v - a scarf of shadows (worn)
 A - a +0 buckler
 D - the +1 ring mail "Vereuth" {Drain rF+ Dex+2}
   (You found it on level 7 of the Dungeon)

   It affects your dexterity (+2).
   It protects you from fire.
   It drains your maximum health when unequipped.
Jewellery
 u - a ring of ice
 w - a +4 ring of slaying (left hand)
 x - a ring of protection from cold (right hand)
Wands
 g - a wand of paralysis (18)
 r - a wand of charming (24)
Scrolls
 b - 2 scrolls of teleportation
 l - a scroll of enchant weapon {unknown}
 m - 3 scrolls of immolation
 p - a scroll of noise
 q - a scroll of enchant armour
 t - a scroll of holy word
 y - a scroll of vulnerability {unknown}
 z - a scroll of fog {unknown}
 C - a scroll of summoning {unknown}
Potions
 c - 5 potions of curing {unknown}
 e - 4 potions of ambrosia {unknown}
 f - 2 potions of degeneration {unknown}
 h - 2 potions of might {unknown}
 i - 2 potions of lignification {unknown}
 k - a potion of haste {unknown}
 n - 3 potions of flight {unknown}
 s - 3 potions of brilliance {unknown}
 B - a potion of cancellation {unknown}


   Skills:
 + Level 7.4 Fighting
 - Level 2.2 Dodging
 - Level 1.5 Stealth
 - Level 4.0 Shields
 * Level 9.5 Spellcasting


You had 5 spell levels left.
You knew the following spells:

 Your Spells              Type           Power      Damage    Failure   Level
a - Shock                 Conj/Air       100%       1d9       1%          1
b - Static Discharge      Conj/Air       49%        N/A       1%          2
c - Swiftness             Air            49%        N/A       1%          3
d - Airstrike             Air            24%        N/A       1%          4
e - Lightning Bolt        Conj/Air       24%        1d40      3%          5
f - Freeze                Ice            100%       1d11      1%          1
g - Slow                  Hex            49%        N/A       1%          2
h - Wereblood             Tmut           49%        N/A       1%          2
i - Stone Arrow           Conj/Erth      98%        3d13      1%          3
Your spell library was empty.

Dungeon Overview and Level Annotations

Branches:
Dungeon (7/15)             Temple (1/1) D:7

Altars:
Ashenzari
Cheibriados
Dithmenos
Elyvilon
Fedhas
Gozag
Makhleb
Nemelex Xobeh
Qazlal
Sif Muna
Trog
Uskayaw
Vehumet
Wu Jian
Xom
Zin
The Shining One

Shops:
D:1 *   D:7 *

Annotations:
D:3 1 runed translucent door, Crazy Yiuf


Innate Abilities, Weirdness & Mutations

You are immune to poison.
Your flesh is very heat resistant. (rF++)
You are vulnerable to cold. (rC-)
You float through the air rather than walking.
You learn spells naturally, not from books.
Your magical power is your life essence.
You have superior vitality. (+4 HP)


Message History

HP restored.
You fly downwards.
There is a stone staircase leading up here.
Things that are here:
a +0 ring mail; a +0 vampiric spear An orc comes into view.
It is wielding a +0 spear.
The orc shouts!
A water moccasin comes into view.
The orc moves out of view.
Aiming: Airstrike (dangerous; 1% risk of failure)
Press: ? - help, Q - select action, (/) - cycle Dir - move target, f - water moccasin
Aim: a water moccasin (wandering, hasn't noticed you)
The air twists around and strikes the water moccasin!
The water moccasin hisses angrily.
The water moccasin is heavily wounded.
Something shouts, "Quit, thou dissembling flat-headed prigger-of-prances!"
A white imp comes into view.
Aiming: Airstrike (dangerous; 1% risk of failure)
Press: ? - help, Q - select action, (/) - cycle Dir - move target, f/p - water moccasin
Aim: a water moccasin (heavily wounded)
The air twists around and strikes the water moccasin!
The water moccasin is severely wounded.
Aiming: Airstrike (dangerous; 1% risk of failure)
Press: ? - help, Q - select action, (/) - cycle Dir - move target, f/p - water moccasin
Aim: a water moccasin (severely wounded)
The air twists around and strikes the water moccasin!
You kill the water moccasin!
Qazlal accepts your kill.
Training target 4.0 for Shields reached!
Your Shields skill increases to level 4!
You have reached level 10!
A scorpion comes into view.
A cyclops comes into view.
The cyclops shouts!
The cyclops hits you!!
Things that are here:
a +0 ring mail; a +0 vampiric spear The cyclops throws a large rock.
The large rock hits you!!!
Ouch! That really hurt!
You die...

#...#......#..s..#.
##........###..>..##
##...........#.....#.
##....................
##..........5....###...
##.........o.......#...#
##.......C.#######..#..##
# #+++###....∩...[.#
##...##
###.............@..###
#..##
....#..........<.......
#.....#
#...............)......
#...###
...............)....>...
#$5##
##......................
..#.
#.....#.######.........
##.... #.##......
#..##.... #!...
##.......).. ...# ##.
....###.##...


You could see a cyclops and an orc.

Vanquished Creatures
  A deep elf pyromancer (D:7)
  Grinder (D:4)
  Sigmund (D:5)
  2 water moccasins (D:7)
  An orc warrior (D:7)
  A sky beast (D:5)
  2 ice beasts
  A hornet zombie (D:6)
  A centaur (D:6)
  A necrophage (D:5)
  4 ogres
  2 phantoms
  A gnoll sergeant (D:7)
  3 bullfrogs
  3 scorpions (D:5)
  A water moccasin skeleton (D:4)
  4 killer bees
  A centaur zombie (D:6)
  4 hounds
  A bullfrog skeleton (D:6)
  3 orc priests
  A centaur skeleton (D:7)
  An iguana (D:5)
  2 orc wizards
  2 hound skeletons
  Robin (D:4)
  5 adders
  2 ufetubi
  3 worms (D:2)
  A dart slug (D:2)
  13 orcs
  5 ball pythons
  7 endoplasms
  4 giant cockroaches
  14 goblins
  6 hobgoblins
  12 jackals
  6 quokkas
  8 bats
  4 frilled lizards
  4 kobolds
  A kobold skeleton (D:7)
  6 rats
  A bush (D:3)
148 creatures vanquished.

Notes
Turn   | Place    | Note
-------+----------+-------------------------------------------
     0 | D:1      | Gaff the Djinni Air Elementalist began the quest for the
                  | Orb.
     0 | D:1      | Reached XP level 1. HP: 15/15 MP: 0/0
   250 | D:1      | Reached skill level 3 in Spellcasting
   398 | D:1      | Reached XP level 2. HP: 21/22 MP: 0/0
   817 | D:1      | Found Ticsuja's General Store.
   934 | D:1      | Reached skill level 1 in Fighting
  1312 | D:2      | Reached XP level 3. HP: 15/27 MP: 0/0
  1312 | D:2      | Learned a level 1 spell: Freeze
  2337 | D:2      | Found a hide-covered altar of Uskayaw.
  3001 | D:3      | Reached XP level 4. HP: 31/32 MP: 0/0
  3037 | D:3      | Reached skill level 4 in Spellcasting
  3584 | D:3      | Found a glowing golden altar of the Shining One.
  3584 | D:3      | Found a glowing silver altar of Zin.
  3584 | D:3      | Found a white marble altar of Elyvilon.
  3961 | D:3      | Found a runed translucent door.
  3962 | D:3      | Noticed Crazy Yiuf
  4479 | D:4      | Noticed a phantom
  4488 | D:4      | Killed a phantom
  4489 | D:4      | Reached XP level 5. HP: 4/39 MP: 0/0
  4489 | D:4      | Learned a level 2 spell: Slow
  4774 | D:4      | Noticed Grinder
  4979 | D:4      | Noticed an ogre
  4990 | D:4      | Killed an ogre
  4991 | D:4      | Reached skill level 5 in Spellcasting
  4991 | D:4      | Reached XP level 6. HP: 32/46 MP: 0/0
  5343 | D:4      | Found a bloodstained altar of Trog.
  5510 | D:4      | Paralysed by Grinder for 6 turns
  5528 | D:4      | Killed Grinder
  5529 | D:4      | Reached XP level 7. HP: 13/52 MP: 0/0
  5529 | D:4      | Learned a level 2 spell: Wereblood
  5993 | D:4      | Noticed Robin
  5995 | D:4      | Killed Robin
  5996 | D:4      | Reached skill level 6 in Spellcasting
  6538 | D:5      | Entered Level 5 of the Dungeon
  7224 | D:5      | Reached XP level 8. HP: 46/58 MP: 0/0
  7358 | D:5      | Noticed Sigmund
  7371 | D:5      | Killed Sigmund
  7372 | D:5      | Reached skill level 5 in Fighting
  7372 | D:5      | Reached skill level 7 in Spellcasting
  8305 | D:6      | Reached skill level 8 in Spellcasting
  8348 | D:6      | Reached skill level 1 in Shields
  8348 | D:6      | Reached XP level 9. HP: 43/66 MP: 0/0
  8348 | D:6      | Learned a level 3 spell: Stone Arrow
  9622 | D:7      | Identified the +1 ring mail "Vereuth" {Drain rF+ Dex+2}
  9894 | D:7      | Found Bemaf's Assorted Antiques.
  9915 | D:7      | Found a staircase to the Ecumenical Temple.
  9923 | Temple   | Entered the Ecumenical Temple
 10134 | Temple   | Became a worshipper of Qazlal Stormbringer
 10177 | D:7      | Reached skill level 9 in Spellcasting
 10177 | D:7      | Noticed a deep elf pyromancer
 10198 | D:7      | Killed a deep elf pyromancer
 10429 | D:7      | Reached XP level 10. HP: 62/75 MP: 0/0
 10435 | D:7      | Noticed a cyclops
 10440 | D:7      | Hit by a large rock thrown by a cyclops

Illustrated notes

Levels and vault maps discovered:
D:1:      tarquinn_simple_flora_water_d, layout_basic, serial_shops, shop
D:2:      layout_loops_ring, basic_altar, kennysheep_generic_room_13
D:3:      layout_rooms, good_gods_mini_temple, st_stairs_11,
          kennysheep_generic_room_10, uniq_crazy_yiuf_cottage
D:4:      layout_loops_corners, lightli_temple_of_fire, uniq_robin, uniq_grinder
D:5:      layout_gridville, hangedman_abyss_or_decor_slice, uniq_sigmund
D:6:      layout_rooms
D:7:      layout_rooms, dk_yredelemnul_ordeal, amethyst_overflow_temple_binary,
          minmay_temple_entry_tees, serial_shops, shop,
          hangedman_decor_peaks_small, kennysheep_cluttered_room,
          minmay_manual_moon
Temple:   nicolae_temple_figure_eight

Skill      XL: |  1  2  3  4  5  6  7  8  9 |
---------------+----------------------------+-----
Spellcasting   | 3 4 5 6 8 9 |  9.5
Fighting       | 1 2 3 4 6 7 |  7.4
Shields        | 1 4 |  4.0
Dodging        | |  2.2
Stealth        | |  1.5

Action                   |  1- 3 |  4- 6 |  7- 9 | 10-12 || total
-------------------------+-------+-------+-------+-------++-------
Melee: Rapier            |       |   132 |     2 |       ||   134
 Cast: Shock             |   104 |    94 |    74 |       ||   272
       Static Discharge  |     4 |     1 |       |       ||     5
       Freeze            |       |     1 |       |       ||     1
       Slow              |       |     5 |     5 |       ||    10
       Swiftness         |       |       |     1 |       ||     1
       Airstrike         |       |       |    81 |       ||    81
  Use: Scroll            |       |       |     6 |       ||     6
Armor: Robe              |     2 |     1 |     4 |       ||     7
Dodge: Dodged            |     2 |    20 |    38 |       ||    60

Table legend: (Time is in decaauts)
 A = Elapsed time spent in this place.
 B = Non-inter-level travel time spent in this place.
 C = Inter-level travel time spent in this place.
 D = Time resting spent in this place.
 E = Time spent auto-exploring this place.
 F = Levels seen in this place.
 G = Mean time per level.
                   A        B        C        D        E       F      G
               +--------+--------+--------+--------+--------+-----+--------+
         Total |  10471 |  10020 |    451 |   4646 |   4138 |   8 | 1308.9 |
       Dungeon |  10237 |   9796 |    441 |   4646 |   3925 |   7 | 1462.4 |
        Temple |    233 |    223 |     10 |      0 |    213 |   1 |  233.0 |
               +--------+--------+--------+--------+--------+-----+--------+

Top non-repeatable levels by time:
     D:4: 2755 daAuts
     D:3: 1882 daAuts
     D:5: 1345 daAuts
     D:1: 1257 daAuts
     D:2: 1214 daAuts
     D:6: 1128 daAuts
     D:7: 654 daAuts
  Temple: 233 daAuts
